 Dungeon Crawl Stone Soup version 0.21.1-1-g345015f (webtiles) character file.

1204 tidbits the Insei (level 8, 60/60 HPs)
             Began as a Gnoll Transmuter on Feb 8, 2018.
             Quit the game on level 7 of the Dungeon.
             The game lasted 00:12:08 (1139 turns).

tidbits the Insei (Gnoll Transmuter)                Turns: 1139, Time: 00:12:08

Health: 60/60      AC: 10    Str: 13 (14) XL:     8   Next: 45%
Magic:  17/17      EV: 12    Int: 17      God:
Gold:   203        SH:  0    Dex: 14 (15) Spells: 13/19 levels left

rFire    . . .     SeeInvis +   g - +0 dagger
rCold    + + .     Gourm    .   (no shield)
rNeg     . . .     Faith    .   b - +0 scale mail "Uqarch" {+Fly rPois rC++ MR-} (curse)
rPois    +         Spirit   .   (no helmet)
rElec    .         Reflect  .   (no cloak)
rCorr    .         Harm     .   (no gloves)
MR       .....     Clarity  +   F - +2 pair of boots
Stlth    +.........             l - amulet of magic regeneration
HPRegen  0.20/turn              q - ring of flight
MPRegen  0.40/turn              (no ring)

@: no status effects
A: distributed training, fangs 1, see invisible, clarity, strong nose
a: Evoke Flight


You were on level 7 of the Dungeon.
You were not hungry.

You visited 1 branch of the dungeon, and saw 8 of its levels.

You collected 203 gold pieces.

Inventory:

Hand Weapons
 g - a +0 dagger (weapon)
Missiles
 a - 30 arrows
 p - a throwing net (quivered) {!f}
Armour
 b - the cursed +0 scale mail "Uqarch" (worn) {+Fly rPois rC++ MR-}
   (You found it on level 7 of the Dungeon)

   It greatly protects you from cold.
   It protects you from poison.
   It affects your resistance to hostile enchantments.
   It lets you fly.
   It has a curse placed upon it.
 B - a +0 robe
 F - a +2 pair of boots (worn)
Jewellery
 l - an amulet of magic regeneration (around neck)
   (You found it on level 2 of the Dungeon)
 q - a ring of flight (left hand)
   (You took it off a gnoll on level 6 of the Dungeon)
Scrolls
 k - a scroll of fog
Potions
 e - a potion of haste
 f - a potion of ambrosia {unknown}
 h - 2 potions of lignification
 i - 2 potions of curing
 j - a potion of agility
 m - a potion of flight
Books
 c - a book of Changes

   Spells                             Type                      Level
   a - Beastly Appendage              Transmutation                1
   b - Sticks to Snakes               Transmutation                2
   c - Spider Form                    Transmutation/Poison         3
   d - Ice Form                       Ice/Transmutation            4
   e - Blade Hands                    Transmutation                5
Comestibles
 d - 8 rations


   Skills:
 + Level 4.2 Fighting
 + Level 3.2 Short Blades
 + Level 3.2 Long Blades
 + Level 3.2 Axes
 + Level 3.2 Maces & Flails
 + Level 3.2 Polearms
 + Level 3.2 Staves
 + Level 3.2 Slings
 + Level 3.2 Bows
 + Level 3.2 Crossbows
 + Level 3.2 Throwing
 + Level 3.2 Armour
 + Level 5.6 Dodging
 + Level 3.2 Stealth
 + Level 3.2 Shields
 + Level 7.3 Unarmed Combat
 + Level 6.0 Spellcasting
 + Level 2.6 Conjurations
 + Level 2.6 Hexes
 + Level 2.6 Charms
 + Level 2.6 Summonings
 + Level 2.6 Necromancy
 + Level 2.6 Translocations
 + Level 4.6 Transmutations
 + Level 2.6 Fire Magic
 + Level 2.6 Ice Magic
 + Level 2.6 Air Magic
 + Level 2.6 Earth Magic
 + Level 2.6 Poison Magic
 + Level 3.5 Invocations
 + Level 3.2 Evocations


You had 13 spell levels left.
You knew the following spells:

 Your Spells              Type           Power        Failure   Level  Hunger
e - Beastly Appendage     Tmut           ###...       9%          1    None
k - Sticks to Snakes      Tmut           ###.....     13%         2    None
p - Spider Form           Tmut/Pois      ###.......   36%         3    ##.....


Dungeon Overview and Level Annotations

Branches:
Dungeon (8/15)
 Temple: D:4-7         Lair: D:8-11

Altars:
Makhleb

Annotations:
D:4 Gorglomux's ghost, amateur MiAs


Innate Abilities, Weirdness & Mutations

Your experience applies equally to all skills.
You have very sharp teeth.
Your uncanny sense of smell can sniff out nearby items.
You have supernaturally acute eyesight. (SInv)
You possess an exceptional clarity of mind.


Message History

You climb upwards.
There is a stone staircase leading down here.
Unknown command.
Found 13 gold pieces.
An orc comes into view. It is wielding a club.
Casting: Spider Form
Confirm with . or Enter, or press ? or * to list all spells.
You turn into a venomous arachnid creature.
Your +0 dagger melds into your body.
Your +2 pair of boots melds into your body.
Your +0 robe melds into your body.
Unknown command.
The orc shouts!
You bite the orc!
You kill the orc!
You see here a club.
You see here 13 gold pieces.
You now have 199 gold pieces (gained 13).
Your transformation is almost over.
Your transformation has ended.
Your +0 dagger unmelds from your body.
Your +2 pair of boots unmelds from your body.
Your +0 robe unmelds from your body.
An adder comes into view.
Casting: Spider Form
Confirm with . or Enter, or press ? or * to list all spells.
You turn into a venomous arachnid creature.
Your +0 dagger melds into your body.
Your +2 pair of boots melds into your body.
Your +0 robe melds into your body.
The adder hisses angrily.
You closely miss the adder. The adder misses you.
You hit the adder.
The adder is poisoned.
The adder is heavily wounded.
The adder completely misses you.
You hit the adder but do no damage.
The adder is moderately wounded.
The adder misses you.
You bite the adder!
You kill the adder!
You feel your dexterity returning.
You see here an adder corpse.
Your transformation is almost over.
A quokka comes into view.
The helpless quokka fails to defend itself.
You hit the quokka.
The quokka is lightly wounded.
The quokka misses you.
You barely miss the quokka.
The quokka is lightly wounded.
The quokka closely misses you.
You closely miss the quokka.
The quokka is lightly wounded.
The quokka closely misses you.
You hit the quokka.
The quokka is moderately wounded.
The quokka barely misses you.
You barely miss the quokka.
The quokka is moderately wounded.
The quokka completely misses you.
You hit the quokka.
The quokka is poisoned.
The quokka is severely wounded.
You kill the quokka!
Your transformation has ended.
Your +0 dagger unmelds from your body.
Your +2 pair of boots unmelds from your body.
Your +0 robe unmelds from your body.
Found a helmet.
As you read the scroll of teleportation, it crumbles to dust.
You feel strangely unstable.
Unknown command.
Your surroundings seem slightly different.
Unknown command.
Found 4 gold pieces.
You see here 4 gold pieces.
You now have 203 gold pieces (gained 4).
As you read the scroll of teleportation, it crumbles to dust.
You feel strangely unstable.
Your surroundings suddenly seem different.
Found a ration.
You see here a ration.
d - 8 rations (gained 1)
Found a twisted scale mail.
You see here a twisted scale mail.
b - a twisted scale mail
Found 26 stones.
As you open the door, it creaks loudly!
Found a burning altar of Makhleb.
Found a murky ruby potion.
Key pressed, stopping explore.
You see here a murky ruby potion.
f - a murky ruby potion Wear which item? (? for menu, Esc to quit)
You start removing your armour.
You continue taking off your +0 robe. x4
You finish taking off your +0 robe.
You start putting on your armour.
You continue putting on your twisted scale mail. x5
You finish putting on the cursed +0 scale mail "Uqarch" {+Fly rPois rC++ MR-}.
Oops, that feels deathly cold.
Are you sure you want to abandon this character and quit the game? (Confirm with "yes".)

.......# ......#
.....### ####
.......#########..#
####..............##
###...............#
#.................#
#..###............#
#..#_#.........@..#
#..#'#............#
#.................#
#.................#
#...........(.....#
##...............##
#..............##
#.............#####
######......####..#


There were no monsters in sight!

Vanquished Creatures
  The ghost of KeeTraxx the Spear-Bearer, a novice BaFi of Yredelemnul (D:6)
  Prince Ribbit (D:5)
  An orc warrior (D:6)
  An ice beast (D:5)
  A scorpion (D:5)
  A howler monkey (D:6)
  An orc wizard (D:6)
  4 gnolls (D:6)
  6 adders
  A shadow imp (D:5)
  An ooze (D:1)
  An adder skeleton (D:4)
  A worm (D:3)
  A dart slug (D:1)
  4 orcs
  A ball python (D:3)
  A giant cockroach (D:3)
  4 goblins
  A hobgoblin (D:3)
  A kobold (D:1)
  2 quokkas
  2 bats
  2 frilled lizards
  A jackal skeleton (D:5)
41 creatures vanquished.

Vanquished Creatures (collateral kills)
  An ogre (D:7)
  A jelly (D:6)
  An orc wizard (D:4)
  2 orcs (D:4)
5 creatures vanquished.

Grand Total: 46 creatures vanquished

Notes
Turn   | Place    | Note
-------+----------+-------------------------------------------
     0 | D:1      | tidbits the Gnoll Transmuter began the quest for the Orb.
     0 | D:1      | Reached XP level 1. HP: 17/17 MP: 6/6
   131 | D:1      | Reached XP level 2. HP: 23/23 MP: 4/7
   135 | D:1      | Learned a level 2 spell: Sticks to Snakes
   240 | D:3      | Reached XP level 3. HP: 27/28 MP: 9/9
   245 | D:3      | Learned a level 3 spell: Spider Form
   281 | D:4      | Reached skill level 5 in Spellcasting
   291 | D:4      | Reached skill level 1 in Short Blades
   291 | D:4      | Reached skill level 1 in Long Blades
   291 | D:4      | Reached skill level 1 in Axes
   291 | D:4      | Reached skill level 1 in Maces & Flails
   291 | D:4      | Reached skill level 1 in Polearms
   291 | D:4      | Reached skill level 1 in Staves
   291 | D:4      | Reached skill level 1 in Slings
   291 | D:4      | Reached skill level 1 in Bows
   291 | D:4      | Reached skill level 1 in Crossbows
   291 | D:4      | Reached skill level 1 in Throwing
   291 | D:4      | Reached skill level 1 in Armour
   291 | D:4      | Reached skill level 1 in Stealth
   291 | D:4      | Reached skill level 1 in Shields
   291 | D:4      | Reached skill level 1 in Invocations
   291 | D:4      | Reached skill level 1 in Evocations
   291 | D:4      | Reached XP level 4. HP: 34/34 MP: 8/11
   341 | D:5      | Entered Level 5 of the Dungeon
   380 | D:4      | Noticed Gorglomux's ghost (amateur MiAs)
   392 | D:5      | Reached skill level 1 in Conjurations
   392 | D:5      | Reached skill level 1 in Hexes
   392 | D:5      | Reached skill level 1 in Charms
   392 | D:5      | Reached skill level 1 in Summonings
   392 | D:5      | Reached skill level 1 in Necromancy
   392 | D:5      | Reached skill level 1 in Translocations
   392 | D:5      | Reached skill level 1 in Fire Magic
   392 | D:5      | Reached skill level 1 in Ice Magic
   392 | D:5      | Reached skill level 1 in Air Magic
   392 | D:5      | Reached skill level 1 in Earth Magic
   392 | D:5      | Reached skill level 1 in Poison Magic
   392 | D:5      | Reached XP level 5. HP: 29/40 MP: 9/12
   427 | D:6      | Noticed KeeTraxx's ghost (novice BaFi)
   437 | D:5      | Gained mutation: You possess an exceptional clarity of mind. [potion of mutation]
   437 | D:5      | Gained mutation: Your mind is acute. (Int +2) [potion of mutation]
   437 | D:5      | Lost mutation: Your mind is acute. (Int +2) [potion of mutation]
   437 | D:5      | Gained mutation: You have supernaturally acute eyesight. (SInv) [potion of mutation]
   466 | D:5      | Noticed Prince Ribbit
   479 | D:5      | Killed Prince Ribbit
   479 | D:5      | Reached skill level 3 in Fighting
   479 | D:5      | Reached skill level 4 in Transmutations
   479 | D:5      | Reached skill level 2 in Invocations
   479 | D:5      | Reached XP level 6. HP: 42/47 MP: 10/14
   489 | D:5      | Noticed an ice beast
   497 | D:5      | Killed an ice beast
   497 | D:5      | Reached skill level 2 in Short Blades
   497 | D:5      | Reached skill level 2 in Long Blades
   497 | D:5      | Reached skill level 2 in Axes
   497 | D:5      | Reached skill level 2 in Maces & Flails
   497 | D:5      | Reached skill level 2 in Polearms
   497 | D:5      | Reached skill level 2 in Staves
   497 | D:5      | Reached skill level 2 in Slings
   497 | D:5      | Reached skill level 2 in Bows
   497 | D:5      | Reached skill level 2 in Crossbows
   497 | D:5      | Reached skill level 2 in Throwing
   497 | D:5      | Reached skill level 2 in Armour
   497 | D:5      | Reached skill level 5 in Dodging
   497 | D:5      | Reached skill level 2 in Stealth
   497 | D:5      | Reached skill level 2 in Shields
   497 | D:5      | Reached skill level 2 in Evocations
   595 | D:7      | Reached XP level 7. HP: 51/52 MP: 12/15
   645 | D:6      | Reached skill level 7 in Unarmed Combat
   785 | D:6      | Reached skill level 2 in Conjurations
   785 | D:6      | Reached skill level 2 in Hexes
   785 | D:6      | Reached skill level 2 in Charms
   785 | D:6      | Reached skill level 2 in Summonings
   785 | D:6      | Reached skill level 2 in Necromancy
   785 | D:6      | Reached skill level 2 in Translocations
   785 | D:6      | Reached skill level 2 in Fire Magic
   785 | D:6      | Reached skill level 2 in Ice Magic
   785 | D:6      | Reached skill level 2 in Air Magic
   785 | D:6      | Reached skill level 2 in Earth Magic
   785 | D:6      | Reached skill level 2 in Poison Magic
   802 | D:6      | Killed KeeTraxx's ghost
   802 | D:6      | Reached skill level 4 in Fighting
   802 | D:6      | Reached skill level 3 in Short Blades
   802 | D:6      | Reached skill level 3 in Long Blades
   802 | D:6      | Reached skill level 3 in Axes
   802 | D:6      | Reached skill level 3 in Maces & Flails
   802 | D:6      | Reached skill level 3 in Polearms
   802 | D:6      | Reached skill level 3 in Staves
   802 | D:6      | Reached skill level 3 in Slings
   802 | D:6      | Reached skill level 3 in Bows
   802 | D:6      | Reached skill level 3 in Crossbows
   802 | D:6      | Reached skill level 3 in Throwing
   802 | D:6      | Reached skill level 3 in Armour
   802 | D:6      | Reached skill level 3 in Stealth
   802 | D:6      | Reached skill level 3 in Shields
   802 | D:6      | Reached skill level 3 in Invocations
   802 | D:6      | Reached skill level 3 in Evocations
   802 | D:6      | Reached XP level 8. HP: 45/60 MP: 11/16
   859 | D:6      | Reached skill level 6 in Spellcasting
  1106 | D:7      | Got a twisted scale mail
  1113 | D:7      | Found a burning altar of Makhleb.
  1139 | D:7      | Identified the cursed +0 scale mail "Uqarch" {+Fly rPois rC++ MR-} (You found it on level 7 of the Dungeon)
  1139 | D:7      | Quit the game

Skill      XL: |  1  2  3  4  5  6  7  8 |
---------------+-------------------------+-----
Spellcasting   | 5 6 |  6.0
Short Blades   | 1 2 3 |  3.2
Long Blades    | 1 2 3 |  3.2
Axes           | 1 2 3 |  3.2
Maces & Flails | 1 2 3 |  3.2
Polearms       | 1 2 3 |  3.2
Staves         | 1 2 3 |  3.2
Slings         | 1 2 3 |  3.2
Bows           | 1 2 3 |  3.2
Crossbows      | 1 2 3 |  3.2
Throwing       | 1 2 3 |  3.2
Armour         | 1 2 3 |  3.2
Stealth        | 1 2 3 |  3.2
Shields        | 1 2 3 |  3.2
Invocations    | 1 2 3 |  3.5
Evocations     | 1 2 3 |  3.2
Conjurations   | 1 2 |  2.6
Hexes          | 1 2 |  2.6
Charms         | 1 2 |  2.6
Summonings     | 1 2 |  2.6
Necromancy     | 1 2 |  2.6
Translocations | 1 2 |  2.6
Fire Magic     | 1 2 |  2.6
Ice Magic      | 1 2 |  2.6
Air Magic      | 1 2 |  2.6
Earth Magic    | 1 2 |  2.6
Poison Magic   | 1 2 |  2.6
Fighting       | 3 4 |  4.2
Transmutations | 4 |  4.6
Dodging        | 5 |  5.6
Unarmed Combat | 7 |  7.3

Action                   |  1- 3 |  4- 6 |  7- 9 || total
-------------------------+-------+-------+-------++-------
Melee: Unarmed           |    31 |    37 |    59 ||   127
       Kick              |     3 |       |       ||     3
       Headbutt          |     3 |       |       ||     3
       Dagger            |       |     2 |       ||     2
       Bite              |       |     1 |       ||     1
 Cast: Beastly Appendage |     8 |       |       ||     8
       Sticks to Snakes  |     3 |     4 |     6 ||    13
       Spider Form       |     1 |     8 |     8 ||    17
  Use: Scroll            |     2 |     5 |     6 ||    13
       Potion            |       |     1 |     5 ||     6
 Stab: Sleeping          |     1 |     2 |     1 ||     4
       Distracted        |       |     1 |       ||     1
  Eat: Ration            |       |       |     1 ||     1
Armor: Robe              |     1 |     3 |       ||     4
       Skin              |     1 |       |     1 ||     2
Dodge: Dodged            |    17 |    33 |    39 ||    89

Table legend:
 A = Turns spent in this place as a percentage of turns spent in the entire game.
 B = Non-inter-level travel turns spent in this place as a percentage of non-inter-level travel turns spent in the entire game.
 C = Inter-level travel turns spent in this place as a percentage of turns spent in this place.
 D = Turns resting spent in this place as a percentage of non-inter-level travel turns spent in this place.
 E = Turns spent auto-exploring this place as a percentage of non-inter-level travel turns spent in this place.
 F = Non-inter-level travel turns spent in this place divided by the number of levels of this place that you've seen.
                   A       B       C       D       E      F
               +-------+-------+-------+-------+-------+----------------------
         Total | 100.0 | 100.0 |   0.9 |   0.0 |   0.3 | 141.1
       Dungeon | 100.0 | 100.0 |   0.9 |   0.0 |   0.3 | 141.1
               +-------+-------+-------+-------+-------+----------------------

Table legend:
 A = Kills in this place as a percentage of kills in entire the game.
 B = Kills by you in this place as a percentage of kills by you in the entire game.
 C = Kills by friends in this place as a percentage of kills by friends in the entire game.
 D = Other kills in this place as a percentage of other kills in the entire game.
 E = Experience gained in this place as a percentage of experience gained in the entire game.
 F = Experience gained in this place divided by the number of levels of this place that you have seen.
                   A       B       C       D       E      F
               +-------+-------+-------+-------+-------+----------------------
         Total | 100.0 | 100.0 | 100.0 |   N/A | 100.0 | 215.0
       Dungeon | 100.0 | 100.0 | 100.0 |   N/A | 100.0 | 215.0
               +-------+-------+-------+-------+-------+----------------------

Vault maps used:
D:1:      erik_arrival_blinker_ship
D:2:      nicolae_dithmenos_shadow_blocks, uniq_terence, uniq_robin
D:3:      doesnt_xom_only_xom, yredelemnul_altar_generic
D:4:      minmay_temple_entry_nine_rooms
D:5:      minitemple, first_ration, uniq_edmund, uniq_prince_ribbit1
D:6:      lemuel_coloured_pillars_altar, serial_shops, shop
D:7:      kennysheep_mini_moat, grunt_ogre_cave
D:8:      uniq_erica
